 Dungeon Crawl Stone Soup version 0.24-a0-201-gf205589 (webtiles) character file.

Game seed: 10231273085463530911

133 Borgoz the Sneak (level 5, -2/29 HPs)
             Began as a Kobold Enchanter on Mar 25, 2019.
             Slain by an ooze (3 damage)
             ... on level 3 of the Dungeon.
             The game lasted 00:09:44 (3752 turns).

Borgoz the Sneak (Kobold Enchanter)                 Turns: 3752, Time: 00:09:45

Health: -2/29      AC:  2    Str:  6    XL:     5   Next: 40%
Magic:  8/8        EV: 16    Int: 16    God:
Gold:   142        SH:  0    Dex: 16    Spells: 2/8 levels left

rFire    . . .     SeeInvis .   a - +1 dagger
rCold    . . .     Gourm    .   (shield restricted)
rNeg     . . .     Faith    .   b - +0 robe
rPois    .         Spirit   .   (no helmet)
rElec    .         Reflect  .   (no cloak)
rCorr    .         Harm     .   (no gloves)
MR       .....                  (no boots)
Stlth    +++.......             (no amulet)
HPRegen  0.09/turn              (no ring)
MPRegen  0.11/turn              (no ring)

@: flying
A: small, carnivore
a: no special abilities


You were on level 3 of the Dungeon.
You were completely stuffed.

You visited 1 branch of the dungeon, and saw 3 of its levels.

You collected 142 gold pieces.

Inventory:

Hand Weapons
 a - a +1 dagger (weapon)
Missiles
 h - 18 bolts
Armour
 b - a +0 robe (worn)
 l - a +0 ring mail
Jewellery
 n - an uncursed ring of flight {unknown}
Scrolls
 c - 3 scrolls of identify {unknown}
 e - 2 scrolls of amnesia {unknown}
 f - 2 scrolls of noise {unknown}
 g - a scroll of remove curse {unknown}
 j - a scroll of teleportation {unknown}
 k - a scroll of immolation {unknown}
 o - a scroll of enchant armour {unknown}
Potions
 i - 2 potions of agility
Comestibles
 d - 10 rations
 m - 7 chunks of flesh


   Skills:
 + Level 1.3 Fighting
 + Level 2.4 Short Blades
 + Level 0.7 Throwing
 * Level 1.5 Armour
 + Level 3.0 Dodging
 + Level 4.3 Stealth
 + Level 2.3 Spellcasting
 * Level 3.6 Hexes
 + Level 1.1 Ice Magic


You had 2 spell levels left.
You knew the following spells:

 Your Spells              Type           Power        Failure   Level  Hunger
a - Corona                Hex            ##.....      4%          1    #......
b - Ensorcelled Hibernat  Hex/Ice        #.....       12%         2    ###....
c - Confuse               Hex            ##......     14%         3    ###....

Your spell library contained the following spells:

 Spells                   Type           Power        Failure   Level  Hunger
 Tukima's Dance           Hex            ##......     14%         3    ###....
 Dazzling Spray           Conj/Hex       #.....       28%         3    ###....


Dungeon Overview and Level Annotations

Branches:
Dungeon (3/15)

Altars:
Wu Jian
Zin


Innate Abilities, Weirdness & Mutations

You are small and have problems with some larger weapons.
You are carnivorous and can eat meat at any time.


Message History

Unknown command.
You hit the ooze.
The ooze is lightly wounded.
The ooze hits you.
You hit the ooze but do no damage.
The ooze is lightly wounded.
The goblin completely misses you. The ooze closely misses you.
You hit the ooze but do no damage.
The ooze is lightly wounded.
The goblin hits you. The ooze hits you.
* * * LOW HITPOINT WARNING * * *
You barely miss the ooze.
The ooze is lightly wounded.
The goblin closely misses you. The ooze barely misses you.
It was a potion of flight.
You feel very buoyant.
You fly up into the air.
The goblin hits you.
* * * LOW HITPOINT WARNING * * *
The ooze hits you.
You die...

........#.#.###..#######
............#...#.......
...?...........##.......
.$......##.....##.......
#######÷#......##.......
#..$.!..#÷.(..............
#8.....8#<.....#..........
#?......#J....####........
#8....g8#@##..####........
#.......#g##....##........
#8$.gg.8#gg...#..<...#####
#......g#hg##..####..#
#8...g.8#gg.# .# #..####
....rh....r..# ##....#
.............# #....##
.....h..g...## ###....
.............. #....


You could see an ooze, a jackal, 6 goblins and a rat.

Vanquished Creatures
  4 adders
  2 worms (D:2)
  2 orcs (D:3)
  2 ball pythons (D:2)
  4 giant cockroaches
  10 goblins
  10 hobgoblins
  19 jackals
  2 quokkas
  7 bats
  11 frilled lizards
  A kobold (D:1)
  6 rats
80 creatures vanquished.

Notes
Turn   | Place    | Note
-------+----------+-------------------------------------------
     0 | D:1      | Borgoz the Kobold Enchanter began the quest for the Orb.
     0 | D:1      | Reached XP level 1. HP: 10/10 MP: 3/3
    92 | D:1      | Reached XP level 2. HP: 4/15 MP: 3/5
   101 | D:1      | Learned a level 2 spell: Ensorcelled Hibernation
   637 | D:1      | Reached XP level 3. HP: 13/20 MP: 6/6
  1230 | D:1      | Reached skill level 1 in Armour
  1545 | D:1      | Learned a level 3 spell: Confuse
  2057 | D:2      | Reached XP level 4. HP: 17/24 MP: 1/7
  2080 | D:2      | Reached skill level 1 in Fighting
  2886 | D:2      | HP: 1/25 [ball python (2)]
  3122 | D:2      | Found a glowing silver altar of Zin.
  3276 | D:2      | Found an ornate altar of the Wu Jian Council.
  3412 | D:3      | Reached XP level 5. HP: 14/29 MP: 8/8
  3612 | D:3      | Reached skill level 1 in Ice Magic
  3752 | D:3      | HP: 1/29 [goblin (4)]
  3752 | D:3      | Slain by an ooze

Levels and vault maps discovered:
D:1:      lemuel_arrival_muddy, layout_loops_ring, minmay_lizard_pond
D:2:      layout_basic, lemuel_coloured_pillars_altar, lemuel_tele_altar
D:3:      kennysheep_the_goblin_king, layout_rooms, kb_xom_exploding_sheep,
          first_ration

Skill      XL: |  1  2  3  4  5 |
---------------+----------------+-----
Armour         | 1 |  1.5
Fighting       | 1 |  1.3
Short Blades   | 2 |  2.4
Dodging        | 3 |  3.0
Ice Magic      | 1 |  1.1
Throwing       | |  0.7
Stealth        | |  4.3
Spellcasting   | |  2.3
Hexes          | |  3.6

Action                   |  1- 3 |  4- 6 || total
-------------------------+-------+-------++-------
Melee: Dagger            |   184 |   142 ||   326
 Cast: Corona            |     5 |     1 ||     6
       Ensorcelled Hiber |     8 |    12 ||    20
  Use: Potion            |       |     3 ||     3
 Stab: Sleeping          |     9 |    10 ||    19
  Eat: Chunk             |    12 |     7 ||    19
Armor: Robe              |    24 |    30 ||    54
Dodge: Dodged            |   159 |   132 ||   291

Table legend:
 A = Non-vault XP
 B = Vault XP
 C = Vault XP percentage of total XP
 D = Non-vault monster count
 E = Vault monster count
 F = Vault count percentage of total count
                 A         B        C        D         E       F
            +---------+---------+-------+---------+---------+-------
      Total |     186 |       5 |   2.6 |      75 |       5 |   6.2
            +---------+---------+-------+---------+---------+-------
        D:1 |      55 |       5 |   8.3 |      33 |       5 |  13.2
        D:2 |      67 |       0 |   0.0 |      21 |       0 |   0.0
        D:3 |      64 |       0 |   0.0 |      21 |       0 |   0.0
            +---------+---------+-------+---------+---------+-------
